 Dungeon Crawl Stone Soup version 0.20-a0-338-g717130a (webtiles) character file.

69834 AlphabetPasta the Unseen (level 15, -4/138 HPs)
             Began as a Naga Assassin on Dec 21, 2016.
             Was the Champion of Cheibriados.
             Slain by an orc knight
             ... wielding a +2 halberd of flaming
              (8 damage)
             ... on level 2 of the Orcish Mines.
             The game lasted 03:03:05 (22705 turns).

AlphabetPasta the Unseen (Naga Assassin)           Turns: 22705, Time: 03:03:05

Health: -4/138     AC: 20    Str: 28    XL:     15   Next: 31%
Magic:  16/21      EV: 17    Int: 29    God:    Cheibriados [******]
Gold:   1248       SH:  9    Dex: 36    Spells: 5/14 levels left

rFire  . . .     SeeInvis +     c - +7 rapier (holy)
rCold  . . .     Gourm    .     N - +2 robe {MR+}
rNeg   . . .     Faith    .     a - +1 buckler {AC+3}
rPois  +         Spirit   .     y - +2 helmet
rElec  .         Reflect  .     d - +0 cloak
rCorr  .         Harm     .     t - +0 pair of gloves
MR     ++...                    z - +0 naga barding
Stlth  ++++++++..               E - amulet of regeneration
                                v - +4 ring of dexterity
                                o - +1 ring of evasion

@: drained, very slow
A: see invisible, deformed body, poison resistance, slowness 2, slow metabolism
1, spit poison 1, constrict 1, AC +5
a: Spit Poison, Bend Time, Temporal Distortion, Slouch, Step From Time, Renounce
Religion


You were on level 2 of the Orcish Mines.
You worshipped Cheibriados.
Cheibriados was exalted by your worship.
You were not hungry.

You visited 4 branches of the dungeon, and saw 21 of its levels.
You also visited: Sewer and Ice Cave.

You collected 1693 gold pieces.
You spent 445 gold pieces at shops.

Inventory:

Hand Weapons
 b - a +0 blowgun
 c - a +7 rapier of holy wrath (weapon)
 Y - a +0 scimitar of holy wrath
Missiles
 e - 45 poisoned needles
 f - 13 curare-tipped needles
 U - 6 javelins (quivered)
Armour
 a - a +1 buckler of protection (worn)
 d - a +0 cloak (worn)
 t - a +0 pair of gloves (worn)
 y - a +2 helmet (worn)
 z - a +0 naga barding (worn)
 N - a +2 robe of magic resistance (worn)
 Q - a +2 robe of cold resistance
 W - a +2 shield of reflection
Jewellery
 j - an uncursed ring of positive energy
 o - a +1 ring of evasion (left hand)
 v - a +4 ring of dexterity (right hand)
 E - an amulet of regeneration (around neck)
 J - an uncursed ring of fire
 T - an uncursed ring of wizardry
Wands
 m - a wand of confusion (33/48)
 n - a wand of paralysis (7/24)
 C - a wand of slowing (22/48)
 G - a wand of lightning (8/15)
 H - a wand of flame (8/48)
 P - a wand of iceblast (1/15)
 S - a wand of acid (5/15)
Scrolls
 p - 8 scrolls of identify
 q - 7 scrolls of teleportation
 u - 2 scrolls of fog
 x - 8 scrolls of remove curse
 D - 3 scrolls of enchant armour
 F - 2 scrolls of recharging
 K - 2 scrolls of magic mapping
 V - a scroll of fear
Potions
 i - a potion of resistance
 l - 2 potions of agility
 r - a potion of might
 w - 9 potions of curing
 B - 2 potions of brilliance
 O - a potion of ambrosia
 R - 2 potions of flight
Miscellaneous
 A - a phantom mirror
Comestibles
 g - 9 bread rations
 h - 9 beef jerkies
 k - 5 meat rations
 s - 3 chunks of flesh
 I - 28 fruits


   Skills:
 + Level 9.7(9.4) Fighting
 * Level 13.1(12.7) Short Blades
 + Level 7.8(7.5) Throwing
 - Level 7.5(7.2) Dodging
 * Level 19.3(18.9) Stealth
 * Level 4.3(4.0) Shields
 + Level 6.1(5.8) Hexes
 + Level 8.7(8.4) Invocations
 - Level 4.2(3.9) Evocations


You had 5 spell levels left.
You knew the following spells:

 Your Spells              Type           Power        Failure   Level  Hunger
a - Invisibility          Hex            ####....     98%         6    #######
b - Confuse               Hex            ####....     3%          3    ####...


Dungeon Overview and Level Annotations

Branches:
Dungeon (12/15)            Temple (1/1) D:4            Lair (6/6) D:8
 Shoals (0/4) Lair:3       Spider (0/4) Lair:4        Slime (0/5) Lair:5
    Orc (2/2) D:9             Elf (0/3) Orc:2

Altars:
Ashenzari
Cheibriados
Dithmenos
Elyvilon
Fedhas
Gozag
Hepliaklqana
Kikubaaqudgha
Makhleb
Nemelex Xobeh
Okawaru
Qazlal
Ru
Sif Muna
Trog
Uskayaw
Vehumet
Xom
Yredelemnul
Zin
The Shining One
Beogh

Shops:
D:4 }*   D:7 [   D:8 =!![   D:12 =

Annotations:
D:10 4 runed doors
Lair:5 exclusion: 4 oklob plants


Innate Abilities, Weirdness & Mutations

You cannot wear boots.
Your serpentine skin is tough. (AC +5)
You have supernaturally acute eyesight. (SInv)
Armour fits poorly on your strangely shaped body.
Your system is resistant to poisons. (rPois)
You cover ground very slowly.
You have a slow metabolism.
You can spit poison.
You can use your snake-like lower body to constrict enemies.


Message History

You can feel time thicken for a moment.
You kill the two-headed ogre!
Cheibriados thoroughly appreciates the change of pace.
You kill the ogre!
Cheibriados thoroughly appreciates the change of pace.
You feel somewhat more hungry.
Evoke which item? (* to show all) (? for menu, Esc to quit)
Zapping:
n - a wand of paralysis (9/24)
Press: ? - help, Shift-Dir - straight line, f - orc knight
Aim: an orc knight, wielding a halberd of flaming and wearing a plate armour (moderately wounded, unusually strong, chance to defeat MR: 36%)
The orc knight easily resists.
This wand has 8 charges left.
Evoke which item? (* to show all) (? for menu, Esc to quit)
Zapping:
n - a wand of paralysis (8/24)
Press: ? - help, Shift-Dir - straight line, f/p - orc knight
Aim: an orc knight, wielding a halberd of flaming and wearing a plate armour (moderately wounded, unusually strong, chance to defeat MR: 36%)
The orc knight easily resists.
This wand has 7 charges left.
The orc knight hits you from afar with a halberd of flaming!!
* * * LOW HITPOINT WARNING * * *
The orc knight burns you!
You die...

##.## #...# ##### ##...##
##...## #....$# ##.....#
#$....# #.....#### #..o).#
#.....#..# #o# ##...[.....
#)# ##.........# ######@#
#..#........
#......######..........
###'#######.# ##.........
#.....# #.#####.#......
+^)_..# #....######....
#.....# ##......####...
#.###'########........###..
#.....#.....#.....)....###.
#####.#.....#....<[..)...##


You could see 2 orc knights.

Vanquished Creatures
  Donald (Orc:2)
  Snorg (Lair:6)
  The ghost of neirpyc the Basher, a journeyman MiBe of Trog (Orc:2)
  Josephine (D:10)
  The ghost of Ryco the Cleaver, a journeyman MiFi of Cheibriados (Orc:2)
  5 hydras
  Erolcha (D:9)
  A fire dragon (Lair:6)
  A catoblepas (Lair:6)
  3 two-headed ogres
  An orc high priest (Orc:1)
  Sonja (D:10)
  A fire crab (Lair:6)
  An unseen horror (D:10)
  2 orc knights (Orc:2)
  5 orc sorcerers
  2 manticores
  A wolf spider (Lair:4)
  An ugly thing (D:12)
  2 cyclopes
  5 black mambas
  Maurice (D:12)
  2 ice statues (IceCv)
  9 elephants
  3 molten gargoyles (Lair:6)
  A centaur skeleton (D:12)
  A torpor snail (Lair:5)
  18 spiny frogs
  14 komodo dragons
  A rime drake (Lair:6)
  5 ice devils (IceCv)
  4 hornets
  A polar bear (Lair:4)
  3 trolls
  6 slime creatures (D:12)
  15 blink frogs
  2 dream sheep (Lair:5)
  9 hippogriffs
  12 spriggans (Lair:3)
  21 yaks
  5 wyverns
  3 wraiths (D:10)
  7 basilisks
  A water elemental (D:12)
  A hungry ghost (D:10)
  2 steam dragons
  A warg (Orc:1)
  12 porcupines
  11 water moccasins
  5 hell hounds (Lair:6)
  Purgy (Sewer)
  5 ice beasts
  30 orc warriors
  2 sky beasts
  4 black bears
  14 ogres
  5 phantoms
  2 necrophages
  6 wolves (Lair:2)
  3 boggarts (Lair:3)
  9 centaurs
  18 crocodiles
  3 big kobolds
  Blork the orc (D:6)
  18 bullfrogs
  6 scorpions
  10 killer bees
  16 wights
  2 howler monkeys
  6 electric eels
  5 crimson imps
  5 lava snakes (Lair:6)
  2 quasits
  2 centaur zombies
  A jelly (D:5)
  7 hounds
  11 orc priests
  16 orc wizards
  A bullfrog skeleton (D:7)
  3 iguanas
  4 hell rats (Lair:3)
  7 worker ants
  A hound zombie (D:7)
  A hound skeleton (D:10)
  A worker ant zombie (D:8)
  A howler monkey skeleton (D:4)
  3 gnolls (D:5)
  A river rat (D:4)
  9 adders
  2 shadow imps
  20 white imps
  3 ufetubi (IceCv)
  An ooze (D:1)
  2 worms (D:3)
  2 dart slugs (D:3)
  6 leopard geckos
  123 orcs
  3 ball pythons
  9 bats
  11 giant cockroaches
  3 hobgoblins
  17 jackals
  7 quokkas
  3 frilled lizards
  A giant cockroach zombie (D:6)
  4 goblins
  A jackal skeleton (D:7)
  19 kobolds
  A leopard gecko zombie (D:7)
  A quokka skeleton (D:7)
  9 rats
704 creatures vanquished.

Vanquished Creatures (others)
  A reaper (IceCv)
  An ice beast (D:5)
  3 white imps (IceCv)
  6 ufetubi (IceCv)
  9 bushes
  21 fungi
  68 plants
109 creatures vanquished.

Grand Total: 813 creatures vanquished

Notes
Turn   | Place    | Note
-------+----------+-------------------------------------------
     0 | D:1      | AlphabetPasta the Naga Assassin began the quest for the Orb.
     0 | D:1      | Reached XP level 1. HP: 19/19 MP: 1/1
   142 | D:1      | Reached skill level 1 in Dodging
   142 | D:1      | Reached skill level 6 in Stealth
   142 | D:1      | Reached XP level 2. HP: 26/26 MP: 2/2
   820 | D:2      | Found an iron altar of Okawaru.
   889 | D:2      | Reached XP level 3. HP: 32/32 MP: 3/3
  1142 | D:2      | Found a glowing golden altar of the Shining One.
  1526 | D:2      | Reached XP level 4. HP: 36/39 MP: 4/4
  2213 | D:3      | Found a hazy altar of Hepliaklqana.
  2309 | D:3      | Reached skill level 7 in Stealth
  2414 | D:3      | Reached XP level 5. HP: 45/46 MP: 5/5
  2911 | D:4      | Noticed a centaur
  2914 | D:4      | Killed a centaur
  2914 | D:4      | Reached XP level 6. HP: 55/55 MP: 6/6
  2944 | D:4      | Reached skill level 8 in Stealth
  3013 | D:4      | Found a staircase to the Ecumenical Temple.
  3023 | D:4      | Found Yfromaos's Serpentskin Sales.
  3023 | D:4      | Noticed a water moccasin
  3028 | D:4      | Killed a water moccasin
  3029 | D:4      | Bought 7 curare-tipped needles for 50 gold pieces
  3180 | D:4      | Found Foenn's Gadget Boutique.
  3246 | D:4      | Reached XP level 7. HP: 47/61 MP: 7/7
  3320 | D:4      | Found a burning altar of Makhleb.
  3343 | D:4      | Found a glowing drain.
  3353 | Sewer    | Entered a sewer
  3541 | Sewer    | Noticed Purgy
  3560 | Sewer    | Killed Purgy
  3710 | Temple   | Entered the Ecumenical Temple
  4011 | D:5      | Entered Level 5 of the Dungeon
  4049 | D:5      | Found a glowing golden altar of the Shining One.
  4051 | D:5      | Reached skill level 9 in Stealth
  4220 | D:5      | Reached skill level 5 in Short Blades
  4493 | D:5      | Reached XP level 8. HP: 30/72 MP: 8/8
  4760 | D:5      | Reached skill level 10 in Stealth
  4949 | D:6      | Noticed Blork the orc
  4950 | D:6      | Killed Blork the orc
  5582 | D:6      | Found a white marble altar of Elyvilon.
  5822 | D:7      | Reached XP level 9. HP: 77/79 MP: 9/9
  5855 | D:7      | Reached skill level 11 in Stealth
  6132 | D:7      | Reached skill level 5 in Fighting
  6462 | D:7      | Found a snail-covered altar of Cheibriados.
  6478 | D:7      | Became a worshipper of Cheibriados the Contemplative
  6719 | D:7      | Reached skill level 12 in Stealth
  6809 | D:7      | Reached skill level 1 in Invocations
  6809 | D:7      | Reached skill level 1 in Evocations
  6911 | D:7      | Reached skill level 5 in Throwing
  6920 | D:7      | Found Anus's Armour Emporium.
  7448 | D:8      | Reached * piety under Cheibriados
  7514 | D:8      | Found a deep blue altar of Sif Muna.
  7611 | D:8      | Found Diryp's Distillery.
  7615 | D:8      | Found Etuel's Antique Armour Boutique.
  7630 | D:8      | Reached XP level 10. HP: 76/88 MP: 10/10
  8027 | D:8      | Bought a potion of resistance for 130 gold pieces
  8027 | D:8      | Bought a potion of heal wounds for 65 gold pieces
  8044 | D:8      | Got an ancient glass ring
  8046 | D:8      | Identified the cursed ring of Suspicion {rF- MR+ EV-4 Str+3 Stlth+} (You found it on level 8 of the Dungeon)
  8090 | D:8      | Reached ** piety under Cheibriados
  8129 | D:8      | Found Guakk's Distillery.
  8187 | D:8      | Bought a potion of might for 52 gold pieces
  8201 | D:8      | Found Aryw's Jewellery Shop.
  8541 | D:8      | Found a sparkling altar of Nemelex Xobeh.
  8547 | D:8      | Found a blossoming altar of Fedhas.
  8547 | D:8      | Found a shattered altar of Ashenzari.
  8557 | D:8      | Found a glowing silver altar of Zin.
  8558 | D:8      | Found a hide-covered altar of Uskayaw.
  8715 | D:8      | Found a staircase to the Lair.
  8880 | D:9      | Reached *** piety under Cheibriados
  8958 | D:9      | Found a staircase to the Orcish Mines.
  9512 | D:9      | Reached **** piety under Cheibriados
  9557 | D:9      | Noticed Erolcha
  9573 | D:9      | Killed Erolcha
  9573 | D:9      | Reached skill level 13 in Stealth
  9650 | D:10     | Entered Level 10 of the Dungeon
  9685 | D:10     | Noticed a two-headed ogre
  9812 | D:10     | Noticed Sonja
  9813 | D:10     | Killed Sonja
  9907 | D:10     | Reached XP level 11. HP: 70/97 MP: 13/13
  9940 | D:10     | Noticed Josephine
  9948 | D:10     | Killed Josephine
  9953 | D:10     | Reached skill level 5 in Dodging
 10011 | D:10     | Killed a two-headed ogre
 10011 | D:10     | Reached skill level 14 in Stealth
 10226 | D:10     | Found a large runed door.
 10226 | D:10     | Found a large runed door.
 10322 | D:10     | Found a large runed door.
 10322 | D:10     | Found a large runed door.
 10364 | D:10     | Reached ***** piety under Cheibriados
 10368 | D:10     | Identified Yniomo's Papyrus of the Blaze and Venom
 10453 | D:10     | Noticed an unseen horror
 10457 | D:10     | Killed an unseen horror
 10794 | D:11     | Identified a scroll of acquirement
 11218 | D:11     | Noticed a cyclops
 11227 | D:11     | Killed a cyclops
 11422 | D:8      | Bought a buckler for 148 gold pieces
 11544 | D:12     | Noticed Maurice
 11552 | D:12     | Killed Maurice
 11556 | D:12     | Reached skill level 15 in Stealth
 11556 | D:12     | Reached skill level 5 in Invocations
 11556 | D:12     | Reached XP level 12. HP: 105/105 MP: 15/15
 11750 | D:12     | Reached skill level 10 in Short Blades
 11887 | D:12     | Reached skill level 1 in Shields
 12288 | D:12     | Found Cagicik's Jewellery Shop.
 12393 | D:12     | Learned a level 6 spell: Invisibility
 12501 | D:12     | Upgraded the game from 0.20-a0-322-g1b51c6c to 0.20-a0-331-g5b3579f
 12824 | Lair:1   | Entered Level 1 of the Lair of Beasts
 12878 | Lair:1   | Reached ****** piety under Cheibriados
 12922 | Lair:1   | Noticed a five-headed hydra
 12927 | Lair:1   | Killed a five-headed hydra
 13013 | Lair:1   | Reached skill level 1 in Hexes
 13672 | Lair:1   | Upgraded the game from 0.20-a0-331-g5b3579f to 0.20-a0-334-gd6844ec
 13690 | Lair:1   | Reached skill level 16 in Stealth
 13889 | Lair:1   | Identified the Guide on Transmutation
 14598 | Lair:2   | Gained mutation: You can use your snake-like lower body to constrict enemies. [Naga growth]
 14598 | Lair:2   | Reached XP level 13. HP: 31/117 MP: 17/17
 15324 | Lair:3   | Found a frozen archway.
 15380 | IceCv    | Entered an ice cave
 15476 | IceCv    | Killed a reaper
 15550 | IceCv    | Upgraded the game from 0.20-a0-334-gd6844ec to 0.20-a0-338-g717130a
 16487 | Lair:3   | Reached skill level 17 in Stealth
 16887 | D:6      | Learned a level 3 spell: Confuse
 17149 | Lair:3   | Found a staircase to the Shoals.
 17599 | Lair:4   | Found a hole to the Spider Nest.
 18144 | Lair:5   | Reached XP level 14. HP: 127/127 MP: 19/19
 18254 | Lair:5   | Found a staircase to the Slime Pits.
 18867 | Lair:6   | Entered Level 6 of the Lair of Beasts
 18935 | Lair:6   | Noticed Snorg
 18955 | Lair:6   | Killed Snorg
 19155 | Lair:6   | Reached skill level 18 in Stealth
 19948 | Lair:6   | Reached skill level 5 in Hexes
 20317 | Lair:6   | Found a large runed door.
 20318 | Lair:6   | Found a large runed door.
 20867 | Orc:1    | Entered Level 1 of the Orcish Mines
 21228 | Orc:2    | Entered Level 2 of the Orcish Mines
 21228 | Orc:2    | Noticed neirpyc's ghost (journeyman MiBe)
 21431 | Orc:2    | Noticed Donald
 21439 | Orc:2    | Killed Donald
 21439 | Orc:2    | Reached XP level 15. HP: 136/136 MP: 21/21
 21494 | Orc:2    | Noticed Ryco's ghost (journeyman MiFi)
 21517 | Orc:2    | Killed Ryco's ghost
 21517 | Orc:2    | Reached skill level 19 in Stealth
 21706 | Orc:1    | Found Dacuitas's Antique Armour Emporium.
 21954 | Orc:2    | Killed neirpyc's ghost
 22439 | Orc:2    | Found a staircase to the Elven Halls.
 22669 | Orc:2    | Found a roughly hewn altar of Beogh.
 22705 | Orc:2    | HP: 4/138 [orc knight/halberd of flaming (28)]
 22705 | Orc:2    | Slain by an orc knight

Vault maps used:
D:1:      dpeg_arrival_brainrot, minivault_27
D:2:      okawaru_metal_pillars_1_2, minmay_misc_feat_alley, minivault_4,
          tso_altar
D:3:      overflow_temple_1_default, first_bread
D:4:      kennysheep_little_box, portal_sewer_entry_b, serial_shops, shop,
          guppyfry_shop_venom
D:5:      basic_altar
D:6:      kennysheep_mini_moat, uniq_blork_the_orc
D:7:      lemuel_crystal_altar, serial_shops, nicolae_shop_stone,
          grunt_potential
D:8:      lemuel_doored_altar, minitemple, lair_entry_dummy, serial_shops, shop,
          nicolae_shop_window_shopping, nicolae_shop_statue_plus, shop
D:9:      hiddenorc2_lemuel, blue_anna_alchemist, hangedman_decor_opposing,
          uniq_erolcha
D:10:     minmay_hollow_rounded_squares, uniq_sonja, uniq_josephine
D:11:     hive_lemuel
D:12:     statuecave_lemuel, serial_shops, shop, uniq_maurice
Temple:   compressed_dpeg_circular_temple
Lair:3:   kb_forest_paths, minmay_shoals_entry_beasts,
          portal_ice_cave_entry_imps
Lair:4:   spider_nest_entry_rubble, serial_bayou_shore_a, grunt_megastairs_5,
          infiniplex_staircase_pool
Lair:5:   minmay_slime_entry_oklob_open, nicolae_quartered_pool_little,
          kennysheep_basilisk_garden, lemuel_fruit_fields,
          minmay_lair_oklob_chamber, lemuel_fruit_fields, lemuel_fruit_tree
Lair:6:   cheibrodos_lair_end_hotspot, serial_forest,
          infiniplex_forest_fountain, infiniplex_forest_zigzag_2,
          infiniplex_forest_zigzag_1, infiniplex_forest_straight_2,
          infiniplex_forest_zigzag_1, infiniplex_forest_lined_corner,
          infiniplex_forest_clump_large, uniq_snorg
Orc:1:    serial_shops, shop
Orc:2:    pubby_orc_utopia, uniq_donald
Sewer:    kennysheep_door_sewer
IceCv:    ice_cave_small_demon

Skill      XL: |  1  2  3  4  5  6  7  8  9 10 11 12 13 14 15 |
---------------+----------------------------------------------+-----
Dodging        | 1 2 3 4 5 6 7 |  7.5
Stealth        | 6 7 8 9 10 12 13 15 16 17 18 19 | 19.3
Throwing       | 2 3 4 5 6 7 |  7.8
Short Blades   | 3 4 5 6 7 8 9 11 12 13 | 13.1
Fighting       | 3 4 5 6 7 8 9 |  9.7
Invocations    | 1 3 5 6 7 8 |  8.7
Evocations     | 1 3 4 |  4.2
Shields        | 2 3 4 |  4.3
Hexes          | 2 3 5 6 |  6.1

Action                   |  1- 3 |  4- 6 |  7- 9 | 10-12 | 13-15 || total
-------------------------+-------+-------+-------+-------+-------++-------
Melee: Dagger            |    61 |   114 |   240 |   111 |       ||   526
       Rapier            |       |       |   204 |   640 |  1047 ||  1891
       Constrict         |       |       |       |       |   203 ||   203
 Fire: Blowgun           |    15 |    32 |    33 |    73 |       ||   153
Invok: Slouch            |       |       |       |     1 |     2 ||     3
 Abil: Spit Poison       |    20 |    23 |    31 |    34 |    43 ||   151
Evoke: Wand              |       |       |       |     8 |     9 ||    17
  Use: Scroll            |     4 |     4 |    12 |    11 |    12 ||    43
       Potion            |       |       |     3 |     4 |     5 ||    12
 Stab: Sleeping          |     6 |    12 |    17 |    39 |    37 ||   111
       Distracted        |     1 |     1 |     1 |     7 |    18 ||    28
       Invisible         |       |       |     1 |       |       ||     1
       Paralysed         |       |       |       |     1 |       ||     1
  Eat: Chunk             |     2 |     2 |     9 |    10 |    12 ||    35
       Meat ration       |       |     1 |       |       |     1 ||     2
       Bread ration      |       |       |     1 |       |       ||     1
       Royal jelly       |       |       |       |     2 |       ||     2
       Pizza             |       |       |       |     1 |       ||     1
       Fruit             |       |       |       |     4 |     6 ||    10
Armor: Robe              |    28 |    41 |   134 |   166 |   215 ||   584
       Skin              |       |       |     3 |       |       ||     3
Dodge: Dodged            |    40 |    53 |   228 |   408 |   596 ||  1325
Block: Buckler           |       |       |       |    90 |   366 ||   456
